 Dungeon Crawl Stone Soup version 0.24.0-13-gcf9b3192b9 (webtiles) character file.

Game seed: 5905885490529863576, levelgen mode: deterministic

197 Delamore the Chopper (level 5, 0/67 HPs)
             Began as a Hill Orc Monk on Nov 5, 2019.
             Was a Believer of Okawaru.
             Succumbed to an orc wizard's poison
             ... on level 3 of the Dungeon.
             The game lasted 00:04:06 (2578 turns).

Delamore the Chopper (Hill Orc Monk)                Turns: 2578, Time: 00:04:06

Health: 0/67       AC: 11    Str: 20    XL:     5   Next: 75%
Magic:  5/5        EV:  6    Int: 15    God:    Okawaru [**....]
Gold:   38         SH:  0    Dex: 13    Spells: 4/4 levels left

rFire    . . .     SeeInvis .   a - +0 hand axe
rCold    . . .     Gourm    .   (no shield)
rNeg     . . .     Faith    .   i - +0 plate armour
rPois    .         Spirit   .   (no helmet)
rElec    .         Reflect  .   (no cloak)
rCorr    .         Harm     .   (no gloves)
MR       .....                  (no boots)
Stlth    ..........             (no amulet)
HPRegen  0.21/turn              (no ring)
MPRegen  0.09/turn              (no ring)

@: brilliant, berserking (expiring), lethally poisoned (0 -> -32), hasted, very
quick
A: no striking features
a: Heroism, Renounce Religion


You were on level 3 of the Dungeon.
You worshipped Okawaru.
Okawaru was pleased with you.
You were not hungry.

You visited 1 branch of the dungeon, and saw 3 of its levels.

You collected 38 gold pieces.

Inventory:

Hand Weapons
 a - a +0 hand axe (weapon)
Missiles
 e - a throwing net (quivered)
Armour
 i - a +0 plate armour (worn)
Scrolls
 d - 2 scrolls of teleportation {unknown}
 g - a scroll of immolation {unknown}
 h - a scroll of remove curse {unknown}
 j - a scroll of magic mapping {unknown}
 k - 2 scrolls of identify {unknown}
 l - a scroll of amnesia {unknown}
Potions
 f - a potion of brilliance
Comestibles
 c - 2 rations


   Skills:
 - Level 3.6 Fighting
 + Level 7.5 Axes
 + Level 2.4 Armour
 - Level 2.4 Dodging
 - Level 1.5 Stealth


You had 4 spell levels left.
You didn't know any spells.
Your spell library was empty.

Dungeon Overview and Level Annotations

Branches:
Dungeon (3/15)

Altars:
Okawaru
Qazlal

Portals:
Sewer: D:3


Message History

You hear the quick rusting of a distant drain.
* * * LOW HITPOINT WARNING * * *
You feel sick. Something hits you but does no damage.
You are more poisoned.
You closely miss something.
* * * LOW HITPOINT WARNING * * *
You feel sick.
You barely miss something.
* * * LOW HITPOINT WARNING * * *
You feel sick. Something hits you but does no damage.
You are more poisoned.
You slash something! Okawaru accepts your kill.
Reactivating autopickup.
You feel a bit more experienced.
* * * LOW HITPOINT WARNING * * *
You feel sick.
You hit the kobold.
The kobold is moderately wounded.
You die...

### #<## #..##
. .. #@†.# ..
#.# #K#....#
#..# #o# .....
#..###>##.####
#?..#....#
#....####
#....##
#.#...#
#.##..##


You could see an orc and a kobold.

Vanquished Creatures
  An orc wizard (D:3)
  A worker ant (D:2)
  5 gnolls
  A river rat (D:3)
  3 adders
  An ooze (D:1)
  A worm (D:2)
  2 dart slugs
  3 leopard geckos
  2 orcs (D:3)
  8 bats
  2 giant cockroaches
  7 hobgoblins
  A ball python (D:1)
  A frilled lizard (D:1)
  3 goblins (D:2)
  8 kobolds
  7 rats
57 creatures vanquished.

Notes
Turn   | Place    | Note
-------+----------+-------------------------------------------
     0 | D:1      | Delamore the Hill Orc Monk began the quest for the Orb.
     0 | D:1      | Reached XP level 1. HP: 19/19 MP: 1/1
   275 | D:1      | Reached XP level 2. HP: 26/26 MP: 2/2
   471 | D:1      | Reached skill level 5 in Axes
   742 | D:1      | Reached XP level 3. HP: 31/31 MP: 3/3
  1136 | D:2      | Reached skill level 6 in Axes
  1146 | D:2      | Found an iron altar of Okawaru.
  1159 | D:2      | Became a worshipper of Warmaster Okawaru
  1159 | D:2      | Reached * piety under Okawaru
  1159 | D:2      | Reached ** piety under Okawaru
  1247 | D:2      | Reached XP level 4. HP: 39/39 MP: 4/4
  1363 | D:2      | Reached skill level 1 in Armour
  1483 | D:2      | Found a stormy altar of Qazlal.
  2168 | D:3      | Reached skill level 7 in Axes
  2168 | D:3      | Reached XP level 5. HP: 28/45 MP: 5/5
  2245 | D:3      | Found a glowing drain.
  2576 | D:3      | HP: 3/67 [poisoned by an orc wizard]
  2578 | D:3      | Succumbed to an orc wizard's poison

Levels and vault maps discovered:
D:1:      sevenhm_arrival_forest_fort_small_6, layout_loops_ring
D:2:      layout_basic, lemuel_doored_altar, old_standard_altar
D:3:      layout_rooms, cheibrodos_sewer_entry_sluice, minmay_misc_feat_columns

Skill      XL: |  1  2  3  4  5 |
---------------+----------------+-----
Axes           | 5 6 7 |  7.5
Armour         | 1 2 |  2.4
Fighting       | |  3.6
Dodging        | |  2.4
Stealth        | |  1.5

Action                   |  1- 3 |  4- 6 || total
-------------------------+-------+-------++-------
Melee: Hand axe          |   117 |   116 ||   233
  Use: Potion            |       |     3 ||     3
 Stab: Sleeping          |     1 |       ||     1
  Eat: Chunk             |     1 |     2 ||     3
       Ration            |       |     1 ||     1
Armor: Robe              |    12 |       ||    12
       Plate armour      |    60 |    83 ||   143
Dodge: Dodged            |    48 |    33 ||    81
